 Dungeon Crawl Stone Soup version 0.19-b1-5-gdc9fa9d (webtiles) character file.

182 Banto the Slasher (level 5, 0/34 HPs)
             Began as a High Elf Skald on Oct 31, 2016.
             Slain by an ogre
             ... wielding a +0 giant spiked club
              (12 damage)
             ... on level 4 of the Dungeon.
             The game lasted 00:03:16 (3165 turns).

Banto the Slasher (High Elf Skald)                  Turns: 3165, Time: 00:03:17

Health: 0/34       AC:  4    Str: 11    XL:     5   Next: 35%
Magic:  6/9        EV: 13    Int: 16    God:
Gold:   171        SH:  0    Dex: 15    Spells: 1 memorised, 7 levels left

rFire  . . .     SeeInvis .     e - +2 mace (crush)
rCold  . . .     Gourm    .     b - +0 leather armour
rNeg   . . .     Faith    .     (no shield)
rPois  .         Spirit   .     (no helmet)
rElec  .         Reflect  .     (no cloak)
rCorr  .         Harm     .     o - +0 pair of gloves (curse)
MR     .....                    (no boots)
Stlth  ..........               (no amulet)
                                (no ring)
                                k - ring of loudness (curse)

@: infused, very slightly contaminated
A: no striking features
a: no special abilities


You were on level 4 of the Dungeon.
You were not hungry.

You visited 1 branch of the dungeon, and saw 4 of its levels.

You collected 171 gold pieces.

Inventory:

Hand Weapons
 a - a +0 falchion
 e - a +2 mace of crushing (weapon)
Armour
 b - a +0 leather armour (worn)
 g - a +2 pair of gloves
 o - a cursed +0 pair of gloves (worn)
Jewellery
 k - a cursed ring of loudness (left hand)
 q - an uncursed ring of fire
Wands
 p - a wand of flame (16/48)
 t - a wand of paralysis (18/24)
Scrolls
 r - 3 scrolls of identify
Potions
 f - a potion of ambrosia {unknown}
 i - a potion of haste {unknown}
 j - a potion of flight {unknown}
 l - a potion of invisibility {unknown}
 n - a potion of degeneration {unknown}
Books
 c - a book of Battle

   Spells                             Type                      Level
   a - Infusion                       Charms                       1
   b - Shroud of Golubria             Charms/Translocation         2
   c - Song of Slaying                Charms                       2
   d - Spectral Weapon                Hexes/Charms                 3
   e - Regeneration                   Charms/Necromancy            3
Comestibles
 d - a bread ration
 h - 2 meat rations
 m - a beef jerky
 s - a slice of pizza


   Skills:
 - Level 2.0 Fighting
 + Level 5.2 Long Blades
 - Level 0.8 Armour
 + Level 3.9 Dodging
 - Level 2.4 Spellcasting
 - Level 3.6 Charms


You had 7 spell levels left.
You knew the following spells:

 Your Spells              Type           Power        Failure   Level  Hunger
a - Infusion              Chrm           ##..         8%          1    #......


Dungeon Overview and Level Annotations

Branches:
Dungeon (4/15)
 Temple: D:4-7

Altars:

Annotations:
D:3 GordonOverkill's ghost, amateur MiVM


Message History

Confirm with . or Enter, or press ? or * to list all spells.
You miscast Infusion.
You are very lightly contaminated with residual magic.
You feel a strange surge of energy!
Casting: Infusion
Confirm with . or Enter, or press ? or * to list all spells.
You begin infusing your attacks with magical energy.
You swing at nothing.
You swing at nothing.
You hit the ogre!
The ogre is heavily wounded.
The ogre hits you with a giant spiked club!!
Ouch! That really hurt!
You barely miss the ogre.
The ogre is heavily wounded.
The ogre closely misses you.
You hit the ogre!
The ogre is almost dead.
The ogre hits you with a giant spiked club!
You die...

#.# #.# #.# # #.#
####.##.########
................
.###.##.#########.
...............>.
.###.#..#@##...#
#....#O##.#.###
....##.#w..w.....
.### #.#.##.#.###
..... # #.#.#
#.#.# # #.# #.#


You could see an ogre and a worm.

Vanquished Creatures
  A hound (D:3)
  An orc priest (D:3)
  6 adders
  A worm (D:3)
  2 dart slugs
  2 leopard geckos
  4 orcs
  A giant cockroach (D:2)
  8 goblins
  7 hobgoblins
  3 jackals (D:2)
  A quokka (D:3)
  A ball python (D:1)
  4 bats
  A frilled lizard (D:1)
  11 kobolds
  7 rats
61 creatures vanquished.

Notes
Turn   | Place    | Note
-------+----------+-------------------------------------------
     0 | D:1      | Banto the High Elf Skald began the quest for the Orb.
     0 | D:1      | Reached XP level 1. HP: 14/14 MP: 4/4
   481 | D:1      | Reached skill level 3 in Long Blades
   488 | D:1      | Reached XP level 2. HP: 17/19 MP: 6/6
  1099 | D:2      | Reached XP level 3. HP: 23/24 MP: 7/7
  1470 | D:2      | Reached skill level 4 in Long Blades
  1825 | D:3      | Reached XP level 4. HP: 28/29 MP: 4/8
  1846 | D:3      | Noticed GordonOverkill's ghost (amateur MiVM)
  2324 | D:3      | HP: 1/29 [GordonOverkill's ghost (7)]
  2659 | D:4      | Reached skill level 5 in Long Blades
  2659 | D:4      | Reached XP level 5. HP: 28/34 MP: 9/9
  2875 | D:3      | HP: 1/34 [GordonOverkill's ghost (5)]
  3156 | D:4      | Noticed an ogre
  3165 | D:4      | Slain by an ogre

Skill      XL: |  1  2  3  4 |
---------------+-------------+-----
Long Blades    | 3 4 5 |  5.2
Dodging        | 2 3 |  3.9
Fighting       | |  2.0
Armour         | |  0.8
Spellcasting   | |  2.4
Charms         | |  3.6

Action                   |  1- 3 |  4- 6 || total
-------------------------+-------+-------++-------
Melee: Falchion          |    13 |       ||    13
       Mace              |    68 |    63 ||   131
 Cast: Infusion          |     7 |     7 ||    14
  Use: Scroll            |     5 |     3 ||     8
       Potion            |       |     1 ||     1
 Stab: Distracted        |     1 |       ||     1
       Sleeping          |     1 |       ||     1
  Eat: Chunk             |     3 |     4 ||     7
Armor: Leather armour    |    19 |    29 ||    48
Dodge: Dodged            |    62 |    97 ||   159
       Rpst.: Falchion   |     2 |       ||     2
